 Dungeon Crawl Stone Soup version 0.27.1-33-g824d729ab1 (webtiles) character file.

Game seed: 3396672036457509839

1602922 Kagerou the Eviscerator (level 25, 285/285 HPs)
             Began as a Felid Delver on Dec 24, 2021.
             Was a High Priest of Wu Jian.
             Escaped with the Orb
             ... and 3 runes on Dec 29, 2021!
             The game lasted 07:01:12 (72891 turns).

Kagerou the Eviscerator (Felid Delver)             Turns: 72891, Time: 07:01:13

Health: 285/285    AC: 16    Str: 20    XL:     25   Next: 64%
Magic:  31/37      EV: 23    Int: 21    God:    Wu Jian [*****.]
Gold:   6312       SH:  0    Dex: 18    Spells: 3/42 levels left
                                        Lives:  2   Deaths: 4

rFire    + + .     SeeInvis +     - Unarmed
rCold    . . .     Faith    .   (shield unavailable)
rNeg     . . .     Spirit   .   (armour unavailable)
rPois    +         Reflect  .   (helmet unavailable)
rElec    .         Harm     .   (cloak unavailable)
rCorr    .         Rampage  .   (gloves unavailable)
Will     +++..                  (boots unavailable)
Stlth    ..........             b - amulet of the Madman {+Inv Regen+}
HPRegen  1.57/turn              f - +4 ring of slaying
MPRegen  0.25/turn              C - ring of protection from cold

@: berserking (expiring), dragon-form, in a heavenly storm, flying, glowing,
studying Necromancy, very quick
A: dragon claw, dragon scales, breathe fire, flying, boosted hp, giant, (claws
1), (fangs 3), see invisible, (speed 1), (shaggy fur 3), (stealthy paws), no
weapons or thrown items, no armour, multi-lived, clumsy 1, (electricity
resistance), strong 1
0: Orb of Zot
}: 3/15 runes: decaying, silver, gossamer
a: Breathe Fire, End Transformation, Renounce Religion, Evoke Invisibility, Wall
Jump, Serpent's Lash, Heavenly Storm


You escaped.
You worshipped Wu Jian.
Wu Jian was extremely pleased with you.
You were a fearsome dragon!
You visited 10 branches of the dungeon, and saw 50 of its levels.
You also visited: Ice Cave.

You collected 8749 gold pieces.
You spent 2437 gold pieces at shops.

Inventory:

Jewellery
 b - the amulet of the Madman (around neck) {+Inv Regen+}
   (You found it on level 2 of the Depths)

   [amulet of regeneration]

   +Inv:      It lets you turn invisible.
   Regen:     It increases your rate of health regeneration.
 f - a +4 ring of slaying (left foreclaw)
 o - a ring of protection from cold
 p - a +4 ring of protection
 q - a ring of resist corrosion
 u - an amulet of faith
 B - a ring of protection from fire
 C - a ring of protection from cold (right foreclaw)
 F - a ring of protection from fire
 G - a ring of protection from cold
 L - the ring of Xoqaadih {Fire *Slow rElec Dex+4}
   (You took it off a gnoll sergeant on level 8 of the Dungeon)

   [ring of fire]

   It enhances your fire magic.
   Dex:       It affects your dexterity (+4).
   rF:        It protects you from fire.
   rC:        It makes you vulnerable to cold.
   rElec:     It insulates you from electricity.
   *Slow:     It may slow you when you take damage.
 M - a ring of willpower
 U - a ring of flight
 W - the ring of Bataqidgh {Wiz Int+4}
   (You took it off an ironbound preserver on level 5 of the Vaults)

   [ring of wizardry]

   It improves your spell success rate.
   Int:       It affects your intelligence (+4).
Wands
 e - a wand of digging (16)
 n - a wand of acid (55)
 v - a wand of charming (28)
 x - a wand of polymorph (35)
 z - a wand of iceblast (58)
 D - a wand of mindburst (45)
 J - a wand of flame (86)
 K - a wand of paralysis (39)
Scrolls
 a - 10 scrolls of fog
 k - 11 scrolls of teleportation
 m - 37 scrolls of identify
 y - 4 scrolls of fear
 A - 4 scrolls of blinking
 I - 2 scrolls of holy word
 O - 8 scrolls of immolation
 Q - a scroll of magic mapping
 S - 3 scrolls of vulnerability
 T - 2 scrolls of silence
 X - a scroll of summoning
Potions
 c - 3 potions of berserk rage
 d - 3 potions of haste
 g - 11 potions of lignification
 h - 17 potions of ambrosia
 i - 16 potions of heal wounds
 j - 8 potions of brilliance
 r - a potion of cancellation
 t - 5 potions of attraction
 w - 3 potions of mutation
 E - 5 potions of magic
 H - 13 potions of curing
 N - 6 potions of might
 P - 3 potions of invisibility
 R - 3 potions of resistance
 V - 6 potions of flight
Miscellaneous
 s - a phantom mirror
 Y - a tin of tremorstones (2/2)
 Z - a box of beasts


   Skills:
 + Level 20.4 Fighting
 + Level 25.9 Dodging
 - Level 12.5 Stealth
 * Level 26.8 Unarmed Combat
 - Level 9.0 Spellcasting
 - Level 13.0 Hexes
 - Level 10.0 Translocations
 - Level 17.0 Transmutations
 - Level 3.0 Fire Magic
 - Level 11.0 Air Magic
 - Level 7.0 Earth Magic
 - Level 7.0 Poison Magic
 - Level 8.0 Evocations


You had 3 spell levels left.
You knew the following spells:

 Your Spells              Type           Power      Damage    Failure   Level
a - Apportation           Tloc           100%       N/A       1%          1
b - Blink                 Tloc           N/A        N/A       1%          2
m - Manifold Assault      Tloc           51%        N/A       3%          5
o - Mephitic Cloud        Conj/Pois/Air  34%        N/A       1%          3
s - Statue Form           Tmut/Erth      37%        N/A       8%          6
D - Dragon Form           Tmut           34%        N/A       5%          7
F - Cause Fear            Hex            29%        N/A       1%          4
I - Invisibility          Hex            29%        N/A       5%          6
T - Confusing Touch       Hex            59%        N/A       1%          3
W - Passwall              Tmut/Erth      46%        N/A       1%          2

Your spell library contained the following spells:

 Spells                   Type           Power      Damage    Failure   Level
 Wereblood                Tmut           69%        N/A       0%          2
 Corona                   Hex            65%        N/A       1%          1
 Sandblast                Erth           76%        2d16      1%          1
 Sting                    Tmut/Pois      100%       1d8       1%          1
 Corpse Rot               Necr/Air       N/A        N/A       1%          2
 Ensorcelled Hibernation  Hex/Ice        72%        N/A       1%          2
 Poisonous Vapours        Pois/Air       94%        N/A       1%          2
 Slow                     Hex            59%        N/A       1%          2
 Gell's Gravitas          Tloc           25%        N/A       1%          3
 Ignite Poison            Fire/Tmut/Pois 47%        N/A       1%          3
 Inner Flame              Hex/Fire       43%        N/A       1%          3
 Lesser Beckoning         Tloc           25%        N/A       1%          3
 Summon Guardian Golem    Hex/Summ       36%        N/A       1%          3
 Swiftness                Air            53%        N/A       1%          3
 Teleport Other           Tloc           51%        N/A       1%          3
 Tukima's Dance           Hex            59%        N/A       1%          3
 Foxfire                  Conj/Fire      60%        2x1d7     3%          1
 Stone Arrow              Conj/Erth      48%        3d10      4%          3
 Animate Skeleton         Necr           18%        N/A       7%          1
 Freeze                   Ice            36%        1d6       7%          1
 Magic Dart               Conj           36%        1d4       7%          1
 Pain                     Necr           36%        1d5       7%          1
 Summon Small Mammal      Summ           36%        N/A       7%          1
 Searing Ray              Conj           18%        3d3       11%         2
 Sublimation of Blood     Necr           4%         N/A       11%         2
 Conjure Flame            Conj/Fire      15%        6-21      12%         3
 Call Canine Familiar     Summ           9%         N/A       22%         3
 Ozocubu's Armour         Ice            9%         N/A       22%         3
 Vampiric Draining        Necr           4%         2d6       22%         3
 Airstrike                Air            26%        N/A       1%          4
 Leda's Liquefaction      Hex/Erth       25%        N/A       1%          4
 Petrify                  Tmut/Erth      56%        N/A       1%          4
 Alistair's Intoxication  Tmut/Pois      37%        N/A       1%          5
 Yara's Violent Unravell  Hex/Tmut       32%        3d13      1%          5
 Ice Form                 Ice/Tmut       45%        N/A       2%          4
 Fulminant Prism          Conj/Hex       18%        3d11      4%          4
 Olgreb's Toxic Radiance  Pois           38%        N/A       4%          4
 Summon Lightning Spire   Summ/Air       32%        N/A       8%          4
 Eringya's Noxious Bog    Tmut/Pois      28%        N/A       8%          6
 Iskenderun's Mystic Bla  Conj/Tloc      30%        2d8       9%          4
 Lee's Rapid Deconstruct  Erth           19%        3d12*     11%         5
 Metabolic Englaciation   Hex/Ice        18%        N/A       14%         5
 Summon Mana Viper        Hex/Summ       36%        N/A       14%         5
 Dispersal                Tloc           25%        N/A       19%         6
 Storm Form               Tmut/Air       31%        N/A       19%         7
 Lightning Bolt           Conj/Air       16%        1d30      21%         5
 Summon Forest            Summ/Tloc      15%        N/A       26%         5
 Sticky Flame             Conj/Fire      15%        2d4       36%         4
 Freezing Cloud           Conj/Ice/Air   12%        6-21      41%         5
 Bolt of Magma            Conj/Fire/Erth 11%        4d7       45%         5
 Animate Dead             Necr           4%         N/A       56%         4
 Hailstorm                Conj/Ice       9%         3d4       56%         4
 Fireball                 Conj/Fire      7%         3d5       71%         5
 Iskenderun's Battlesphe  Conj           9%         2d6       89%         5
 Discord                  Hex            29%        N/A       92%         8
 Starburst                Conj/Fire      7%         6d4       99%         6
 Shadow Creatures         Summ           N/A        N/A       100%        6
 Simulacrum               Ice/Necr       4%         N/A       100%        6
 Haunt                    Necr/Summ      4%         N/A       100%        7
 Malign Gateway           Summ/Tloc      15%        N/A       100%        7
 Orb of Destruction       Conj           4%         9d2       100%        7
 Spellforged Servitor     Conj/Summ      4%         N/A       100%        7
 Summon Hydra             Summ           4%         N/A       100%        7
 Borgnjor's Revivificati  Necr           4%         N/A       100%        8
 Ignition                 Fire           11%        3d5       100%        8
 Infestation              Necr           4%         N/A       100%        8
 Chain Lightning          Conj/Air       16%        3d21      100%        9
 Dragon's Call            Summ           4%         N/A       100%        9
 Fire Storm               Conj/Fire      7%         8d2       100%        9
 Shatter                  Erth           19%        3d17*     100%        9
 Portal Projectile        Hex/Tloc       Unusable   N/A       N/A         3
 Excruciating Wounds      Necr           Unusable   N/A       N/A         5

Dungeon Overview and Level Annotations

Branches:
Dungeon (15/15)            Temple (1/1) D:7            Lair (6/6) D:8
  Swamp (4/4) Lair:3       Spider (4/4) Lair:4          Orc (2/2) D:12
    Elf (3/3) Orc:2        Vaults (5/5) D:14          Crypt (0/3) Vaults:3
 Depths (5/5) D:15            Zot (5/5) Depths:5      IceCv (visited)
  Slime: Lair:5-6

Altars:
Ashenzari
Cheibriados
Dithmenos
Elyvilon
Fedhas
Gozag
Hepliaklqana
Kikubaaqudgha
Makhleb
Nemelex Xobeh
Okawaru
Qazlal
Ru
Sif Muna
Trog
Uskayaw
Vehumet
Wu Jian
Xom
Yredelemnul
Zin
The Shining One
Jiyva

Shops:
D:4 [   Orc:2 ([*(   Elf:2 [?!(   Depths:1 ?:*

Portals:
Hell: Depths:1 Depths:2 Depths:3 Depths:4 Depths:5
Abyss: Depths:2 Depths:3 Depths:4 Depths:5
Pandemonium: Depths:1 Depths:2 Depths:3
Ziggurat: Depths:1

Annotations:
Lair:5 1 runed translucent door, exclusion: azure jelly
Swamp:1 exclusion: spriggan rider, Roxanne
Swamp:2 exclusions: fenstrider witch and spriggan druid
Spider:1 exclusion: downstairs
Orc:2 2 runed translucent doors, exclusion: orange crystal statue
Elf:2 exclusions: deep elf sorcerer and water elemental
Vaults:1 exclusion: downstairs
Depths:3 exclusion: 2 downstairs
Zot:2 exclusion: upstairs
Zot:5 exclusion: 2 upstairs


Innate Abilities, Weirdness & Mutations

You are a fearsome dragon!
You have a powerful clawing attack.
Your giant scaled body is strong and resiliant, but less evasive.
You can breathe fire.
You are flying.
Your maximum health is greatly increased.
((You have sharp claws.))
((You have razor-sharp teeth.))
You have supernaturally acute eyesight. (SInv)
((You cover ground quickly. (Speed+)))
((Your thick and shaggy fur keeps you warm. (AC +3, rC+)))
((Your paws help you pounce on unaware monsters.))
You are incapable of wielding weapons or throwing items.
You cannot wear armour.
You gain extra lives every three experience levels.
You are clumsy. (Dex -2)
((You are resistant to electric shocks. (rElec)))
Your muscles are strong. (Str +2)


Message History

Your extra speed is starting to run out.
A sixfirhy and a cacodemon come into view.
The cacodemon shouts!
The sixfirhy completely misses you.
You spin and attack the sixfirhy repeatedly.
You scratch the sixfirhy. You claw the sixfirhy.
The sixfirhy is moderately wounded.
You barely miss the sixfirhy.
The sixfirhy is moderately wounded.
The sixfirhy barely misses you. The sixfirhy completely misses you.
A sixfirhy comes into view.
The sixfirhy moves out of view.
An orange demon comes into view.
You feel yourself slow down.
You hear a grinding noise.
The sixfirhy completely misses you. The sixfirhy barely misses you.
The cacodemon gestures at the rock wall.
You hear a grinding noise.
There is a stone staircase leading up here.
You hear a grinding noise.
You climb upwards.
There is a stone staircase leading down here.
There is a fountain of clear blue water here.
There is an open door here.
There is an open door here.
You close the door.
There is a staircase leading out of the dungeon here.
Casting: Dragon Form (dangerous; 5% risk of failure)
Confirm with . or Enter, or press ? or * to list all spells.
You turn into a fearsome dragon!
Okay, then.
The air is filled with shimmering golden clouds!
Sifu Gene Jian Bin says: The storm will not cease as long as you keep fighting, disciple!
A red film seems to cover your vision as you go berserk!
You feel yourself moving faster!
You feel mighty! What are your orders? t - Roar!
Anything else - Cancel.
You roar wildly!
You feel a strong urge to attack something.
You have escaped!

##....###...####.####...### ##.
#....##.......##'##.......## #.
#....#.........#.#.........# ##
.....#.........'.'.........# #
.....#.........#.#.........# #
.....##.......##+##.......##
...######...###§§§###...### ...#
######§§§§☼############## ...#
#☼§D§§#............. ...#
##§§§##.#.##########
...###################.#
##.).............#.....##########
##############..................
#........###.##########
#.######## #.##........ #.#
#.###.###### #.# #.# #.# #


There were no monsters in sight!

Vanquished Creatures
  A seraph (D:7)
  Tiamat (Zot:3)
  A dread lich (Vaults:5)
  An orb of fire (Zot:5)
  An ancient lich (Vaults:5)
  2 juggernauts
  Mara (Depths:2)
  Saint Roka (Vaults:3)
  7 Killer Klowns
  A curse toe (Zot:4)
  4 caustic shrikes
  Xtahua (Depths:3)
  A bone dragon (Swamp:4)
  7 golden dragons
  12 tentacled monstrosities
  3 electric golems
  Asterion (Vaults:3)
  Jorgrun (Swamp:1)
  4 liches
  2 deep elf master archers (Elf:3)
  25 Orb Guardians
  2 deep elf blademasters (Elf:3)
  5 titans
  4 quicksilver dragons
  6 death cobs
  6 shadow dragons
  4 sphinxes
  3 draconian monks
  7 storm dragons
  7 tengu reavers
  3 fenstrider witches
  An azure jelly (shapeshifter) (Vaults:4)
  8 deep elf sorcerers
  A draconian knight (Zot:3)
  13 fire giants
  7 vault wardens
  17 frost giants
  3 orc warlords
  2 iron dragons (Depths:2)
  7 ghost moths
  2 draconian shifters
  Louise (D:14)
  An angel (D:7)
  A balrug (Depths:1)
  A draconian scorcher (Zot:3)
  3 emperor scorpions
  4 deep elf elementalists (Elf:3)
  3 war gargoyles
  A draconian annihilator (Zot:5)
  A draconian stormcaller (Depths:5)
  27 very ugly things
  4 spriggan defenders (Depths:4)
  17 stone giants
  21 ironbound preservers
  The ghost of Tzialkovskiy the Brawler, a journeyman TrBe of Trog (Lair:4)
  Nessos (D:13)
  7 deep elf demonologists
  12 deep elf annihilators
  6 black draconians
  2 vampire knights
  7 green draconians
  3 bunyips
  4 red draconians
  4 yellow draconians
  4 dire elephants
  2 white draconians
  3 entropy weavers
  A lorocyproca (Depths:2)
  10 spark wasps
  6 purple draconians
  2 eleionomae
  5 deep elf death magi
  2 crystal guardians
  12 fire dragons
  A merfolk impaler (Depths:5)
  21 yaktaur captains
  3 jiangshi (Depths:2)
  Josephine (D:15)
  19 ettins
  10 great orbs of eyes
  3 shambling mangroves
  6 deep elf high priests
  4 ironbound thunderhulks
  35 vault guards
  4 rakshasas
  16 hydras
  4 ghost crabs
  8 spriggan air magi
  15 ice dragons
  2 peacekeepers
  A caustic shrike simulacrum (Depths:1)
  An ogre mage (D:15)
  5 boulder beetles
  Erolcha (D:12)
  9 ironbound frosthearts
  A catoblepas (Lair:6)
  11 centaur warriors
  2 anacondas (shapeshifter)
  13 two-headed ogres
  31 dancing weapons
  A death knight (D:13)
  15 deep troll shamans
  9 alligators
  6 death yaks (IceCv)
  7 tengu warriors
  2 orc high priests
  7 ironbound beastmasters
  3 vampire magi
  A shock serpent (shapeshifter) (Depths:2)
  6 spriggan berserkers
  12 deep troll earth magi
  15 hell knights
  2 sun demons
  19 deep elf knights
  17 iron trolls
  A fire crab (shapeshifter) (Depths:3)
  2 sixfirhies
  3 skeletal warriors
  A fire crab (Lair:6)
  2 storm dragon skeletons (Vaults:3)
  A titan skeleton (Depths:1)
  2 spriggan druids
  6 goliath frogs
  A swamp dragon (shapeshifter) (Depths:3)
  63 deep trolls
  2 flayed ghosts
  6 bog bodies
  12 lindwurms
  4 swamp dragons
  2 spectral hydras (Swamp:4)
  The ghost of emdikay the Chopper, a novice GrBe of Trog (D:7)
  19 deep elf archers
  6 glowing orange brains
  A tengu zombie (Vaults:3)
  6 necromancers
  4 phantasmal warriors
  12 wizards
  14 orc knights
  A harpy (shapeshifter) (Vaults:5)
  29 deep elf pyromancers
  An obsidian statue (Depths:3)
  21 deep elf zephyrmancers
  13 orb spiders
  13 ironbound convokers
  65 ugly things
  A mana viper (shapeshifter) (Depths:3)
  6 harpies
  An oklob plant (Swamp:4)
  2 orc sorcerers
  8 cyclopes
  A frost giant zombie (D:15)
  A shadow dragon skeleton (Vaults:4)
  A stone giant zombie (Vaults:3)
  A salamander (shapeshifter) (Vaults:4)
  14 moths of wrath
  2 will-o-the-wisps
  21 wolf spiders
  A wolf spider (shapeshifter) (Depths:3)
  2 frost giant skeletons
  17 elephants
  2 manticores
  A fire giant skeleton (D:15)
  An ice statue (IceCv)
  An elf zombie (Vaults:3)
  A stone giant skeleton (D:15)
  A smoke demon (Depths:1)
  9 black mambas
  2 molten gargoyles (Lair:6)
  A moth of wrath (shapeshifter) (Depths:3)
  Maurice (D:12)
  21 vault sentinels
  A torpor snail (Spider:1)
  A black mamba (shapeshifter) (Vaults:5)
  8 rime drakes
  19 cane toads
  A gargoyle (D:12)
  8 demonic crawlers
  An unseen horror (D:10)
  The ghost of Descartes the Nimble, a novice FeWr of Gozag (D:8)
  Maggie (Lair:1)
  An unseen horror (shapeshifter) (Elf:2)
  13 komodo dragons
  A rime drake (shapeshifter) (Depths:3)
  4 swamp worm zombies (Swamp:4)
  35 yaktaurs
  3 tengu conjurers
  An ice devil (Depths:2)
  A freezing wraith (D:13)
  2 hellwings (Depths:2)
  A yaktaur skeleton (Vaults:3)
  4 trolls
  A red devil (Depths:2)
  8 hydra zombies (Swamp:4)
  A queen bee (Spider:1)
  34 jumping spiders
  3 tyrant leeches
  3 meliai
  6 polar bears
  2 meliai (shapeshifter) (Depths:3)
  18 hornets
  3 bloated husks
  30 slime creatures
  7 blink frogs
  A raiju (shapeshifter) (Depths:3)
  Prince Ribbit (D:7)
  A spectral swamp dragon (Swamp:4)
  A snapping turtle (shapeshifter) (Depths:3)
  5 dream sheep (Lair:5)
  A dream sheep (shapeshifter) (Vaults:5)
  3 ettin skeletons
  2 alligator zombies (Swamp:4)
  A centaur simulacrum (D:14)
  10 spriggans
  7 water elementals
  60 redbacks
  A vampire (D:12)
  65 yaks
  26 tarantellas
  A redback (shapeshifter) (Depths:2)
  4 air elementals
  2 shadows
  9 wyverns
  2 yaks (shapeshifter)
  2 hogs (shapeshifter)
  10 wraiths
  A fire elemental (Depths:3)
  A hog (Swamp:2)
  A tarantella (shapeshifter) (Depths:3)
  13 basilisks
  3 steam dragons (Lair:6)
  11 vampire mosquitoes
  11 swamp worms
  2 acid dragons
  A warg (Orc:1)
  4 hell hounds (Lair:6)
  22 water moccasins
  A floating eye (shapeshifter) (Vaults:4)
  A floating eye (Depths:5)
  An ice beast (D:5)
  2 swamp drakes
  39 orc warriors
  3 sky beasts
  4 black bears (D:8)
  A hornet zombie (D:6)
  2 necrophages
  14 wolves
  A tengu (shapeshifter) (Elf:3)
  2 swamp dragon zombies (Swamp:4)
  22 centaurs
  A boggart (Vaults:1)
  5 ogres
  A centaur (shapeshifter) (Depths:3)
  6 kobold brigands
  8 phantoms
  2 human zombies
  13 bullfrogs
  5 scorpions
  3 gnoll sergeants (D:8)
  A wyvern zombie (D:7)
  3 earth elementals
  A glowing shapeshifter simulacrum (Vaults:3)
  A wyvern skeleton (D:7)
  A hornet simulacrum (D:14)
  2 water moccasin skeletons
  26 killer bees
  15 wights
  An electric eel (Spider:1)
  5 lava snakes (Lair:6)
  A jelly (D:6)
  4 howler monkeys
  A bullfrog zombie (D:6)
  A human simulacrum (Vaults:4)
  8 centaur zombies
  4 hounds
  A gnoll shaman (D:8)
  A bullfrog skeleton (D:6)
  12 orc priests
  3 centaur skeletons
  8 iguanas
  23 orc wizards
  7 hell rats (Lair:6)
  2 spectral swamp drakes (Swamp:4)
  A killer bee zombie (D:6)
  2 hound skeletons (D:5)
  2 howler monkey zombies (D:9)
  Robin (D:2)
  6 gnolls (D:8)
  12 adders
  2 swamp drake zombies (Swamp:4)
  A shadow imp (D:6)
  14 white imps
  2 ufetubi
  2 adder skeletons
  3 dart slugs
  89 orcs
  11 endoplasms
  2 giant cockroaches
  16 goblins
  4 hobgoblins
  10 jackals
  7 quokkas
  8 ball pythons
  3 bats
  2 frilled lizards
  28 kobolds
  7 rats
2160 creatures vanquished.

Vanquished Creatures (collateral kills)
  A hornet (Swamp:3)
  A yak (Lair:2)
2 creatures vanquished.

Vanquished Creatures (others)
  A vault warden (Vaults:1)
  A necromancer (Depths:1)
  An orc sorcerer (Vaults:3)
  A black mamba (Lair:6)
  2 yaktaurs
  4 bloated husks (Swamp:4)
  A slime creature (D:9)
  An orc warrior (Orc:2)
  An ogre (Orc:2)
  A phantom (Swamp:4)
  A spectral swamp drake (Swamp:4)
  An orc wizard (Orc:2)
  5 orcs (Orc:2)
  10 foxfires
  86 fungi
  154 plants
  12 withered plants (D:15)
283 creatures vanquished.

Grand Total: 2445 creatures vanquished

Notes
Turn   | Place    | Note
-------+----------+-------------------------------------------
     0 | D:5      | Kagerou the Felid Delver began the quest for the Orb.
     0 | D:5      | Reached XP level 1. HP: 10/10 MP: 2/2
   228 | D:2      | Noticed Robin
   516 | D:3      | Found a faded altar of an unknown god.
   566 | D:3      | Reached XP level 2. HP: 14/14 MP: 3/3
   786 | D:3      | Reached skill level 3 in Unarmed Combat
   950 | D:2      | Reached XP level 3. HP: 14/17 MP: 4/4
  1122 | D:1      | Reached skill level 4 in Unarmed Combat
  2238 | D:2      | Reached XP level 4. HP: 21/21 MP: 5/5
  2341 | D:2      | Reached skill level 7 in Fighting
  2341 | D:2      | Reached skill level 9 in Dodging
  2341 | D:2      | Reached skill level 7 in Unarmed Combat
  2341 | D:2      | Reached XP level 5. HP: 28/28 MP: 6/6
  2499 | D:2      | Killed Robin
  2500 | D:2      | Reached skill level 8 in Unarmed Combat
  3720 | D:4      | Gained mutation: You are covered in thick fur. (AC +2)
                  | [Felid growth]
  3720 | D:4      | Reached XP level 6. HP: 33/33 MP: 7/7
  4176 | D:4      | Reached XP level 7. HP: 35/36 MP: 8/8
  4351 | D:4      | Found Irchuk's Armour Boutique.
  4955 | D:5      | Learned a level 2 spell: Poisonous Vapours
  4975 | D:5      | Reached skill level 1 in Spellcasting
  5282 | D:5      | Reached skill level 2 in Spellcasting
  5282 | D:5      | Reached XP level 8. HP: 40/40 MP: 2/12
  5331 | D:5      | Reached skill level 9 in Fighting
  5331 | D:5      | Reached skill level 10 in Dodging
  5331 | D:5      | Reached skill level 9 in Stealth
  5331 | D:5      | Reached skill level 10 in Unarmed Combat
  5331 | D:5      | Reached skill level 2 in Air Magic
  5331 | D:5      | Reached skill level 2 in Poison Magic
  5331 | D:5      | Reached XP level 9. HP: 45/45 MP: 13/13
  5361 | D:5      | Reached skill level 3 in Air Magic
  5361 | D:5      | Reached skill level 3 in Poison Magic
  5400 | D:5      | Reached skill level 1 in Evocations
  5734 | D:6      | Reached skill level 2 in Evocations
  5913 | D:6      | Reached skill level 10 in Stealth
  5913 | D:6      | Reached skill level 3 in Evocations
  6506 | D:7      | Reached skill level 4 in Evocations
  6513 | D:7      | Found a staircase to the Ecumenical Temple.
  6523 | D:7      | Noticed Prince Ribbit
  6526 | Temple   | Entered the Ecumenical Temple
  6841 | Temple   | Became a worshipper of the Wu Jian Council
  6867 | D:7      | Killed Prince Ribbit
  7041 | D:7      | Reached XP level 10. HP: 49/49 MP: 14/14
  7214 | D:7      | Reached skill level 5 in Evocations
  7437 | D:7      | Found a runed translucent door.
  7437 | D:7      | Noticed emdikay's ghost (novice GrBe)
  7755 | D:8      | Found a staircase to the Lair.
  7798 | D:8      | Reached skill level 6 in Evocations
  8577 | D:8      | Reached * piety under Wu Jian
  8650 | D:8      | You fall into a shaft and drop 3 floors!
  8650 | D:11     | Noticed a two-headed ogre
  8651 | D:11     | Killed a two-headed ogre
  8652 | D:11     | Reached skill level 7 in Evocations
  8822 | D:11     | Noticed a two-headed ogre
  8880 | D:10     | Entered Level 10 of the Dungeon
  8892 | D:10     | Kagerou: ??storm form
  8892 | D:10     | beem: storm form[1/1]: Level 7 Tmut/Air form that scales
                  | heavily based on spellpower. Elec-branded cleaving melee,
                  | built-in blinkbolt (blink through monsters and zap em), and
                  | a few other fun things.
  8918 | D:9      | Learned a level 2 spell: Blink
  8924 | D:9      | Learned a level 5 spell: Manifold Assault
  9075 | D:9      | Noticed a two-headed ogre
  9225 | D:9      | Killed a two-headed ogre
  9226 | D:9      | Reached skill level 3 in Translocations
  9226 | D:9      | Reached skill level 8 in Evocations
  9452 | D:8      | Reached skill level 4 in Translocations
  9910 | D:8      | Found a transporter.
  9918 | D:8      | Found a transporter.
  9924 | D:8      | Identified the ring of Xoqaadih {Fire *Slow rElec Dex+4}
  9924 | D:8      | Noticed Descartes's ghost (novice FeWr)
  9995 | D:8      | Reached skill level 5 in Translocations
 10658 | D:8      | Reached skill level 6 in Translocations
 10658 | D:8      | Reached XP level 11. HP: 53/53 MP: 15/15
 10841 | D:9      | Reached skill level 7 in Translocations
 10849 | D:9      | Kagerou: ??manifold
 10849 | D:9      | beem: I don't have a page labeled manifold in my learndb.
 10862 | D:9      | Reached skill level 8 in Translocations
 10965 | D:9      | Reached ** piety under Wu Jian
 11171 | D:9      | Noticed a centaur warrior
 11171 | D:9      | Noticed a centaur warrior
 11172 | D:9      | Noticed a wizard
 11173 | D:9      | Noticed a seven-headed hydra
 11224 | D:9      | Found an ancient bone altar of Kikubaaqudgha.
 11240 | D:9      | Reached skill level 9 in Translocations
 11508 | D:9      | Reached skill level 3 in Spellcasting
 11760 | D:9      | Reached skill level 10 in Translocations
 11838 | D:9      | Reached skill level 4 in Spellcasting
 11841 | D:9      | Noticed a two-headed ogre
 11842 | D:9      | Killed a two-headed ogre
 12024 | D:9      | Noticed a two-headed ogre
 12027 | D:9      | Killed a two-headed ogre
 12028 | D:9      | Reached skill level 5 in Spellcasting
 12500 | D:10     | Reached *** piety under Wu Jian
 12909 | Lair:1   | Entered Level 1 of the Lair of Beasts
 13033 | Lair:1   | Learned a level 2 spell: Passwall
 13073 | Lair:1   | Reached skill level 1 in Transmutations
 13331 | Lair:1   | Gained mutation: Your thick and shaggy fur keeps you warm.
                  | (AC +3, rC+) [Felid growth]
 13331 | Lair:1   | Reached XP level 12. HP: 49/57 MP: 20/20
 13362 | Lair:1   | Reached skill level 2 in Transmutations
 13362 | Lair:1   | Reached skill level 1 in Earth Magic
 13495 | Lair:1   | Noticed Maggie
 13495 | Lair:1   | Noticed an eight-headed hydra
 13638 | Lair:1   | Kagerou: ??attraction
 13638 | Lair:1   | beem: potion of attraction[1/1]: Quaffing this will cause
                  | monsters in LOS to be pulled adjacent to you while the
                  | duration lasts. Monsters can't drink these.
 13647 | Lair:1   | Kagerou: ??maggie
 13647 | Lair:1   | beem: maggie[1/1]: New unique in 0.25! Decent melee, knows
                  | Bolt of Fire(3d13) and Mesmerise. Wears a steam, acid, or
                  | swamp dragon armour, and often has a branded weapon. Spawns
                  | D:6-10 and Lair:1-2.
 13693 | Lair:1   | Killed an eight-headed hydra
 13694 | Lair:1   | Reached skill level 3 in Transmutations
 13749 | Lair:1   | Reached skill level 2 in Earth Magic
 13751 | Lair:1   | Reached skill level 4 in Transmutations
 13844 | Lair:1   | Killed Maggie
 14008 | Lair:1   | Reached skill level 5 in Transmutations
 14052 | Lair:1   | Reached skill level 3 in Earth Magic
 14402 | Lair:1   | Reached skill level 6 in Transmutations
 14409 | Lair:1   | Learned a level 6 spell: Invisibility
 14553 | Lair:1   | Reached skill level 1 in Hexes
 14787 | Lair:2   | Reached skill level 2 in Hexes
 14806 | Lair:2   | Noticed an eight-headed hydra
 14815 | Lair:2   | Killed an eight-headed hydra
 14816 | Lair:2   | Reached skill level 4 in Hexes
 15000 | Lair:2   | Reached skill level 5 in Hexes
 15469 | Lair:2   | Noticed a seven-headed hydra
 15493 | Lair:2   | Reached skill level 6 in Hexes
 15991 | Lair:3   | Noticed a four-headed hydra
 15995 | Lair:3   | Killed a four-headed hydra
 15996 | Lair:3   | Reached skill level 7 in Hexes
 16184 | Lair:3   | Found a staircase to the Swamp.
 16207 | Lair:3   | Reached skill level 8 in Hexes
 16459 | Lair:3   | Reached skill level 9 in Hexes
 16974 | Lair:4   | Found a hole to the Spider Nest.
 16990 | Lair:4   | Reached skill level 10 in Hexes
 16995 | Lair:4   | Reached XP level 13. HP: 60/60 MP: 16/21
 17045 | Lair:4   | Noticed Tzialkovskiy's ghost (journeyman TrBe)
 17054 | Lair:4   | Found a runed translucent gate.
 17054 | Lair:4   | Found a runed translucent gate.
 17055 | Lair:4   | Found a runed translucent gate.
 17153 | Lair:4   | Reached skill level 11 in Hexes
 17951 | Lair:5   | Reached skill level 6 in Spellcasting
 18116 | Lair:5   | Reached skill level 12 in Hexes
 18382 | Lair:5   | Found a runed translucent door.
 18426 | Lair:5   | Identified a scroll of acquirement
 18428 | Lair:5   | Acquired 842 gold pieces
 18581 | Lair:5   | Reached **** piety under Wu Jian
 18776 | Lair:5   | Found a viscous altar of Jiyva.
 18776 | Lair:5   | Noticed an azure jelly
 18836 | Lair:6   | Entered Level 6 of the Lair of Beasts
 18849 | Lair:6   | Reached skill level 7 in Spellcasting
 18856 | Lair:6   | Found a large runed translucent door.
 18856 | Lair:6   | Found a large runed translucent door.
 18856 | Lair:6   | Noticed a fire dragon
 18863 | Lair:6   | Killed a fire dragon
 18864 | Lair:6   | Reached skill level 13 in Hexes
 18864 | Lair:6   | Reached skill level 11 in Dodging
 18876 | Lair:6   | Got Quwuaj's Compendium of Glacial Companions
 19303 | Lair:6   | Reached skill level 11 in Unarmed Combat
 19742 | Lair:6   | Reached skill level 10 in Fighting
 19821 | Lair:6   | Reached XP level 14. HP: 56/66 MP: 25/25
 20222 | Lair:6   | Reached skill level 12 in Dodging
 20641 | Lair:6   | Reached skill level 12 in Unarmed Combat
 21587 | Lair:4   | Killed Tzialkovskiy's ghost
 22828 | D:8      | Killed Descartes's ghost
 23197 | D:3      | Got the Almanac of the Penguin
 23434 | D:7      | Killed emdikay's ghost
 23612 | D:11     | Reached skill level 13 in Unarmed Combat
 23693 | D:11     | Reached skill level 13 in Dodging
 23749 | D:11     | Reached skill level 11 in Fighting
 23749 | D:11     | Reached ***** piety under Wu Jian
 24490 | D:12     | You fall into a shaft and drop 3 floors!
 24490 | D:15     | Entered Level 15 of the Dungeon
 24621 | D:14     | Noticed Louise
 24674 | D:13     | Noticed Nessos
 25043 | D:12     | Noticed Maurice
 25053 | D:12     | Killed Maurice
 25054 | D:12     | Reached XP level 15. HP: 71/71 MP: 23/26
 25074 | D:12     | Found a staircase to the Orcish Mines.
 25154 | D:12     | Noticed Erolcha
 25184 | D:12     | Killed Erolcha
 25520 | D:13     | Kagerou: ??mephitic
 25520 | D:13     | beem: I don't have a page labeled mephitic in my learndb.
 25520 | D:13     | Kagerou: ??meph
 25520 | D:13     | beem: mephitic cloud[1/7]: Fills the target square and some
                  | of the adjacent squares with clouds of noxious fumes. Any
                  | creature breathing these fumes may become {confused} unless
                  | resistant to poison and/or confusion.
                  | Conjurations/Poison/Air 3. Loud.
 25520 | D:13     | Kagerou: ??meph[7
 25520 | D:13     | beem: simmarine[3/6]:
144100 | Zig:18   | Noticed Mef User
                  | the pandemonium lord
 25520 | D:13     | Kagerou: ??meph[6
 25520 | D:13     | beem: mephitic cloud[6/7]: IT REACTS WITH THE AMBIENT
                  | RADIATION FROM THE ORB OF ZOT TO CREATE A UNEARTHLY
                  | CACOPHONY RESULTING IN NAUSEA AND HALLUCINATIONS.
 25731 | D:13     | Shot with an arrow by Nessos
 25732 | D:13     | Reached XP level 14. HP: -5/67 MP: 18/25
 25742 | D:13     | Killed Nessos
 25775 | D:13     | Reached skill level 11 in Stealth
 25833 | D:12     | Learned a level 3 spell: Teleport Other
 25835 | Orc:1    | Entered Level 1 of the Orcish Mines
 25864 | Orc:1    | Found a frozen archway.
 25867 | Orc:1    | You fall into a shaft and drop 1 floor!
 25867 | Orc:2    | Entered Level 2 of the Orcish Mines
 25869 | Orc:2    | Noticed an orc warlord
 25878 | Orc:2    | Killed an orc warlord
 25878 | Orc:2    | Reached skill level 14 in Dodging
 25888 | Orc:2    | Reached skill level 14 in Unarmed Combat
 26197 | IceCv    | Entered an ice cave
 26492 | IceCv    | Noticed a frost giant
 26512 | IceCv    | Reached skill level 12 in Fighting
 26513 | IceCv    | Slain by a frost giant
 26514 | IceCv    | Reached XP level 13. HP: -3/64 MP: 23/24
 26542 | IceCv    | Reached skill level 15 in Dodging
 26877 | IceCv    | Killed a frost giant
 27063 | IceCv    | Kagerou: horrible gameplay tbh
 27909 | Orc:2    | Found Edo Baxy's General Store.
 27909 | Orc:2    | Found Kuk Teax's Antique Armour Emporium.
 27911 | Orc:2    | Found Zasmigg's Antique Weapon Shoppe.
 27913 | Orc:2    | Found Awueghuroa's Antique Weapon Boutique.
 28172 | Orc:2    | Found a runed translucent door.
 28183 | Orc:2    | Found the +10 tower shield of Ignorance {rN+ Int-4}
 28189 | Orc:2    | Found a runed translucent door.
 28235 | Orc:2    | Found a staircase to the Elven Halls.
 29067 | D:13     | Identified the +3 scale mail "Aheqoedi" {rPois Str+2}
 29148 | D:14     | Reached XP level 14. HP: 69/69 MP: 25/25
 29254 | D:14     | Killed Louise
 29287 | D:14     | Reached skill level 15 in Unarmed Combat
 29449 | D:14     | Found a gate to the Vaults.
 30185 | D:14     | Reached skill level 16 in Dodging
 30935 | D:14     | Kagerou: i'm gigadumb
 31182 | Spider:1 | Entered Level 1 of the Spider Nest
 31438 | Spider:1 | Noticed an emperor scorpion
 31523 | Spider:1 | Kagerou: Where the F is my Statue Form.
 31791 | Spider:1 | Reached skill level 17 in Dodging
 31805 | Spider:1 | Killed an emperor scorpion
 32333 | Spider:1 | Reached skill level 16 in Unarmed Combat
 32337 | Spider:1 | Reached XP level 15. HP: 73/73 MP: 21/26
 32486 | Spider:1 | Identified the +0 robe "Sangebb" {Str+5}
 32633 | Spider:1 | Learned a level 3 spell: Ignite Poison
 32679 | Spider:2 | Reached skill level 1 in Fire Magic
 33168 | Spider:2 | Reached skill level 2 in Fire Magic
 33250 | Spider:3 | Noticed a ghost moth
 33253 | Spider:3 | Killed a ghost moth
 33305 | Spider:3 | Reached skill level 7 in Transmutations
 33404 | Spider:3 | Reached skill level 3 in Fire Magic
 33422 | Spider:4 | Entered Level 4 of the Spider Nest
 34529 | Spider:4 | Noticed a ghost moth
 34530 | Spider:4 | Reached skill level 18 in Dodging
 34802 | Spider:3 | Learned a level 4 spell: Olgreb's Toxic Radiance
 34829 | Spider:4 | Reached skill level 8 in Transmutations
 34836 | Spider:4 | Noticed a ghost moth
 34839 | Spider:4 | Killed a ghost moth
 34921 | Spider:4 | Reached skill level 4 in Poison Magic
 34975 | Spider:4 | Killed a ghost moth
 35043 | Spider:4 | Noticed a ghost moth
 35045 | Spider:4 | Noticed a ghost moth
 35175 | Spider:4 | Killed a ghost moth
 35176 | Spider:4 | Reached skill level 5 in Poison Magic
 35184 | Spider:4 | Killed a ghost moth
 35185 | Spider:4 | Reached skill level 19 in Dodging
 35910 | Spider:4 | Got a gossamer rune of Zot
 36173 | Spider:4 | Reached XP level 16. HP: 73/77 MP: 18/27
 36349 | Spider:4 | Reached skill level 6 in Poison Magic
 36669 | Swamp:1  | Entered Level 1 of the Swamp
 36752 | Swamp:1  | Identified Roxanne's Grimoire of the Fifty Beggars
 36752 | Swamp:1  | Noticed Roxanne
 36939 | Swamp:1  | Noticed Jorgrun
 36949 | Swamp:1  | Killed Jorgrun
 36950 | Swamp:1  | Reached skill level 7 in Poison Magic
 36954 | Swamp:1  | Reached skill level 13 in Fighting
 37073 | Swamp:1  | Kagerou: ??storm form
 37073 | Swamp:1  | beem: storm form[1/1]: Level 7 Tmut/Air form that scales
                  | heavily based on spellpower. Elec-branded cleaving melee,
                  | built-in blinkbolt (blink through monsters and zap em), and
                  | a few other fun things.
 37116 | Swamp:1  | Reached skill level 20 in Dodging
 37441 | Swamp:3  | Noticed a tentacled monstrosity
 37442 | Swamp:3  | Killed a tentacled monstrosity
 37954 | Swamp:4  | Entered Level 4 of the Swamp
 38847 | Swamp:4  | Got the Papyrus of Reanimation Made Easy
 38956 | Swamp:4  | Reached skill level 17 in Unarmed Combat
 39714 | Swamp:4  | Noticed a bone dragon
 39715 | Swamp:4  | Killed by an exploding bloated husk
 39716 | Swamp:4  | Reached XP level 15. HP: -1/75 MP: 26/26
 39773 | Swamp:3  | Noticed a fenstrider witch
 39775 | Swamp:3  | Noticed a fenstrider witch
 40318 | Elf:1    | Entered Level 1 of the Elven Halls
 40442 | Elf:1    | Reached XP level 16. HP: 79/79 MP: 27/27
 40662 | Elf:1    | Reached skill level 14 in Fighting
 40673 | Elf:1    | Got Lee's Compendium of Conjuration
 41451 | Elf:1    | Paralysed by an air elemental for 1 turns
 41719 | Elf:2    | Found Vykhlioso's Distillery.
 41721 | Elf:2    | Found Wusmoe Dokes's Antique Armour Boutique.
 41726 | Elf:2    | Reached skill level 18 in Unarmed Combat
 41892 | Elf:2    | Bought 2 potions of heal wounds for 190 gold pieces
 41892 | Elf:2    | Bought a potion of heal wounds for 95 gold pieces
 41892 | Elf:2    | Bought a potion of curing for 57 gold pieces
 41895 | Elf:2    | Found Baapoif's Magic Scroll Shop.
 41898 | Elf:2    | Bought a scroll of blinking for 97 gold pieces
 42016 | Elf:2    | Found Cequrotz's Weapon Shop.
 42383 | Elf:2    | Reached skill level 12 in Stealth
 42562 | Elf:2    | Found a runed translucent gate.
 42562 | Elf:2    | Found a runed translucent gate.
 42562 | Elf:2    | Found a runed translucent gate.
 42764 | Elf:2    | Reached XP level 17. HP: 84/84 MP: 28/28
 43147 | Elf:3    | Entered Level 3 of the Elven Halls
 43475 | Elf:3    | Noticed a deep elf master archer
 43477 | Elf:3    | Reached skill level 15 in Fighting
 43477 | Elf:3    | Reached skill level 19 in Unarmed Combat
 43477 | Elf:3    | Killed a deep elf master archer
 43588 | Elf:3    | Reached ****** piety under Wu Jian
 45287 | Elf:3    | Noticed a deep elf master archer
 45295 | Elf:3    | Killed a deep elf master archer
 45296 | Elf:3    | Reached skill level 20 in Unarmed Combat
 45362 | Elf:3    | Noticed a deep elf blademaster
 45387 | Elf:3    | Killed a deep elf blademaster
 45825 | Elf:3    | Noticed a deep elf blademaster
 46132 | Elf:3    | Killed a deep elf blademaster
 46609 | Elf:3    | Identified the +3 leather armour "Zuupnur" {Str+3 Dex-5}
 47306 | Elf:3    | Reached XP level 18. HP: 89/89 MP: 29/29
 47419 | Elf:3    | Noticed an Ice Fiend
 47667 | Elf:3    | Identified the +10 plate armour of Qyrphikoh {+Blink rN+
                  | Str+7}
 47820 | Elf:3    | Identified the +4 dagger of Pandemonium {drain, Dex+3
                  | Stlth+}
 47862 | Elf:3    | Found the +9 heavy crossbow "Sniper" {vorpal, Acc+∞ SInv}
 47913 | Elf:3    | Learned a level 3 spell: Confusing Touch
 47918 | Elf:3    | Learned a level 3 spell: Mephitic Cloud
 47920 | Elf:3    | Learned a level 1 spell: Apportation
 48346 | D:15     | Found a stormy altar of Qazlal.
 48497 | D:15     | Noticed Josephine
 48517 | D:15     | Killed Josephine
 48540 | D:15     | Found a staircase to the Depths.
 49034 | D:15     | Kagerou: ??confuse tourch
 49034 | D:15     | beem: confuse tourch ~ confusing touch[1/2]: A L3 Hexes
                  | spell that {confuse}s a monster when you successfully melee
                  | it and if doesn't resist with its {willpower}. Casting the
                  | spell gives you a duration for 10 + d(power) / 5 (max 20)
                  | turns, during which your attacks do no damage. The duration
                  | is removed upon successful confusion. Found in the {book of
                  | maledictions}.
 49034 | D:15     | Kagerou: ??confusing touch[2
 49034 | D:15     | beem: confusing touch[2/2]: Prior to 0.25, was L1, checked
                  | HD instead of MR, but didn't work on plant monsters. Upon
                  | hit, 1/5th of the time, nothing happened. Otherwise, if the
                  | monster's HD was greater than or equal to random2(24),
                  | nothing happened. Otherwise, it got confused. Prior to
                  | 0.23, it didn't work if you had a weapon wielded.
 49433 | Vaults:1 | Entered Level 1 of the Vaults
 49465 | Vaults:1 | Reached skill level 9 in Transmutations
 49496 | Vaults:1 | Reached skill level 4 in Air Magic
 49779 | Vaults:1 | Reached skill level 10 in Transmutations
 50254 | Vaults:1 | Reached skill level 5 in Air Magic
 50905 | Vaults:1 | Reached skill level 11 in Transmutations
 51309 | Vaults:1 | Reached skill level 6 in Air Magic
 51689 | Vaults:1 | Reached skill level 12 in Transmutations
 52246 | Vaults:1 | Reached XP level 19. HP: 57/93 MP: 28/30
 52704 | Vaults:2 | Reached skill level 7 in Air Magic
 52817 | Vaults:2 | Reached skill level 13 in Transmutations
 54501 | Vaults:2 | Reached skill level 14 in Transmutations
 54626 | Vaults:3 | Reached skill level 8 in Air Magic
 54636 | Vaults:3 | Noticed Asterion
 54639 | Vaults:3 | Killed Asterion
 54640 | Vaults:3 | Reached skill level 8 in Spellcasting
 54650 | Vaults:3 | Learned a level 7 spell: Storm Form
 55385 | Vaults:3 | Noticed Saint Roka
 55424 | Vaults:3 | Killed Saint Roka
 55874 | Vaults:3 | Reached skill level 15 in Transmutations
 55945 | Vaults:3 | Reached skill level 9 in Air Magic
 56165 | Vaults:3 | Found a staircase to the Crypt.
 56185 | Vaults:3 | You fall into a shaft and drop 1 floor!
 56242 | Vaults:3 | Reached XP level 20. HP: 97/97 MP: 33/33
 57002 | Vaults:4 | Identified the +5 quarterstaff of Reciporph {venom, rPois
                  | rF+ rC+}
 57245 | Vaults:4 | Reached skill level 16 in Transmutations
 57520 | Vaults:4 | Reached skill level 10 in Air Magic
 58159 | Vaults:4 | Gained mutation: You tend to lose your temper in combat.
                  | [mutagenic glow]
 58245 | Vaults:5 | Entered Level 5 of the Vaults
 58251 | Vaults:5 | Reached skill level 17 in Transmutations
 58559 | Vaults:3 | Lost mutation: You tend to lose your temper in combat.
                  | [potion of mutation]
 58559 | Vaults:3 | Gained mutation: Your muscles are strong. (Str +2) [potion
                  | of mutation]
 58559 | Vaults:3 | Gained mutation: You are clumsy. (Dex -2) [potion of
                  | mutation]
 58559 | Vaults:3 | Gained mutation: You are resistant to electric shocks.
                  | (rElec) [potion of mutation]
 58574 | Vaults:4 | Reached skill level 11 in Air Magic
 58942 | Vaults:5 | Noticed a dread lich
 59422 | Vaults:5 | Killed a dread lich
 60180 | Vaults:5 | Reached XP level 21. HP: 92/101 MP: 22/34
 60456 | Vaults:5 | Identified the ring of Bataqidgh {Wiz Int+4}
 60464 | Vaults:5 | Reached skill level 21 in Unarmed Combat
 60487 | Vaults:5 | Noticed a golden dragon
 60497 | Vaults:5 | Killed a golden dragon
 60529 | Vaults:5 | Identified the +0 leather armour of Trumpets {Int+4 Slay+3}
 60597 | Vaults:5 | Shot with a bolt by a yaktaur
 60598 | Vaults:5 | Reached XP level 20. HP: -11/98 MP: 28/33
 60625 | Vaults:5 | Reached skill level 21 in Dodging
 60760 | Vaults:5 | Noticed a golden dragon
 60775 | Vaults:5 | Killed a golden dragon
 60792 | Vaults:5 | Reached skill level 16 in Fighting
 60882 | Vaults:5 | Identified the +5 battleaxe of Fundamental Breach {elec,
                  | +Blink rPois rC+}
 61042 | Vaults:5 | Noticed an ancient lich
 61053 | Vaults:5 | Killed an ancient lich
 61123 | Vaults:5 | Identified the amulet "Buafiu" {Spirit Str+4 Dex+3}
 62082 | Vaults:5 | Got a silver rune of Zot
 62751 | Depths:1 | Entered Level 1 of the Depths
 62773 | Depths:1 | Found Ulaoled's Magic Scroll Boutique.
 62783 | Depths:1 | Found a gateway to a ziggurat.
 62788 | Depths:2 | Reached XP level 21. HP: 103/103 MP: 34/34
 62808 | Depths:2 | Reached skill level 22 in Unarmed Combat
 62910 | Depths:1 | Identified the +8 long sword of Hell's Wrath {vorpal, Str+2
                  | Stlth+}
 62945 | Depths:1 | Found Dosippe's Book Shop.
 62947 | Depths:1 | Found Qelattid's General Store.
 62951 | Depths:1 | Bought a scroll of fear for 56 gold pieces
 62951 | Depths:1 | Bought a scroll of fear for 56 gold pieces
 62953 | Depths:1 | Bought a book of Sloth for 504 gold pieces
 62953 | Depths:1 | Bought a book of Hexes for 504 gold pieces
 62955 | Depths:1 | Bought a potion of heal wounds for 105 gold pieces
 62957 | Depths:1 | Bought a book of the Dragon for 644 gold pieces
 62965 | Depths:1 | Learned a level 6 spell: Statue Form
 62967 | Depths:1 | Bought a scroll of amnesia for 56 gold pieces
 62973 | Depths:1 | Learned a level 4 spell: Cause Fear
 62977 | Depths:1 | Bought a scroll of amnesia for 73 gold pieces
 63029 | Depths:1 | Found a one-way gate leading to the halls of Pandemonium.
 63297 | Depths:1 | Found a bloodstained altar of Trog.
 63417 | Depths:1 | Noticed a caustic shrike
 63419 | Depths:1 | Killed a caustic shrike
 63429 | Depths:1 | Identified the amulet "Elodyj" {Spirit rCorr Int+6}
 63720 | Depths:1 | Found a gateway to Hell.
 64103 | Depths:2 | Found a blossoming altar of Fedhas.
 64135 | Depths:2 | Found a one-way gate to the infinite horrors of the Abyss.
 64283 | Depths:2 | Noticed Mara
 64308 | Depths:2 | Killed Mara
 64309 | Depths:2 | Reached skill level 22 in Dodging
 64309 | Depths:2 | Reached skill level 9 in Spellcasting
 64522 | Depths:2 | Reached skill level 17 in Fighting
 65106 | Depths:2 | Noticed a juggernaut
 65107 | Depths:2 | Reached XP level 22. HP: 109/109 MP: 34/36
 65111 | Depths:2 | Killed a juggernaut
 65112 | Depths:2 | Reached skill level 23 in Unarmed Combat
 65290 | Depths:2 | Noticed a caustic shrike
 65297 | Depths:2 | Killed a caustic shrike
 65482 | Depths:2 | Identified the amulet of the Madman {+Inv Regen+}
 65696 | Depths:3 | Noticed Xtahua
 65698 | Depths:3 | Killed Xtahua
 66220 | Depths:3 | Noticed a caustic shrike
 66223 | Depths:3 | Killed a caustic shrike
 66492 | Depths:3 | Reached skill level 23 in Dodging
 66501 | Depths:3 | Learned a level 7 spell: Dragon Form
 67348 | Swamp:4  | Reached skill level 18 in Fighting
 67359 | Swamp:4  | Got a decaying rune of Zot
 67738 | Depths:4 | Noticed a caustic shrike
 67895 | Depths:4 | Reached skill level 24 in Unarmed Combat
 67999 | Depths:4 | Reached XP level 23. HP: 114/114 MP: 30/37
 68151 | Depths:4 | Noticed a juggernaut
 68434 | Depths:4 | Killed a juggernaut
 68576 | Depths:4 | Killed a caustic shrike
 68684 | Depths:4 | Reached skill level 4 in Earth Magic
 69044 | Depths:4 | Reached skill level 5 in Earth Magic
 69423 | Depths:5 | Entered Level 5 of the Depths
 69445 | Depths:5 | Found a gate to the Realm of Zot.
 69446 | Depths:5 | Reached skill level 24 in Dodging
 69517 | Depths:5 | Reached skill level 6 in Earth Magic
 69705 | Depths:5 | Found an ancient bone altar of Kikubaaqudgha.
 70046 | Depths:5 | Reached skill level 7 in Earth Magic
 70050 | Depths:5 | Reached XP level 24. HP: 120/120 MP: 33/37
 70338 | Zot:1    | Entered Level 1 of the Realm of Zot
 70439 | Zot:1    | Reached skill level 19 in Fighting
 70439 | Zot:1    | Reached skill level 25 in Unarmed Combat
 70779 | Zot:3    | Found the +4 dragonskin cloak
 70779 | Zot:3    | Noticed Tiamat
 70889 | Zot:3    | Killed Tiamat
 71184 | Zot:4    | Noticed a Killer Klown
 71195 | Zot:4    | Killed a Killer Klown
 71514 | Zot:5    | Entered Level 5 of the Realm of Zot
 71731 | Zot:5    | Reached skill level 25 in Dodging
 71938 | Zot:5    | Acquired a book of Maledictions
 71972 | Zot:5    | Reached skill level 26 in Unarmed Combat
 71987 | Zot:5    | Noticed a Killer Klown
 71988 | Zot:5    | Noticed a Killer Klown
 71989 | Zot:5    | Reached XP level 25. HP: 126/126 MP: 35/37
 71990 | Zot:5    | Noticed a Killer Klown
 71991 | Zot:5    | Noticed a Killer Klown
 71993 | Zot:5    | Killed a Killer Klown
 71998 | Zot:5    | Killed a Killer Klown
 72002 | Zot:5    | Killed a Killer Klown
 72098 | Zot:5    | Reached skill level 20 in Fighting
 72117 | Zot:5    | Killed a Killer Klown
 72162 | Zot:5    | Noticed an orb of fire
 72169 | Zot:5    | Noticed a Killer Klown
 72169 | Zot:5    | Noticed a Killer Klown
 72173 | Zot:5    | Killed an orb of fire
 72261 | Zot:5    | Killed a Killer Klown
 72306 | Zot:5    | Noticed a Killer Klown
 72310 | Zot:5    | Killed a Killer Klown
 72320 | Zot:5    | Noticed an orb of fire
 72360 | Zot:5    | Got the Orb of Zot
 72656 | D:14     | Noticed Rytel the pandemonium lord
 72795 | D:7      | Noticed a seraph
 72797 | D:7      | Killed a seraph
 72891 | D:$      | Escaped with the Orb!

Illustrated notes

Levels and vault maps discovered:
D:1:      dpeg_arrival_three_bigger_balls, layout_basic, patterned_corridor
D:2:      layout_loops_ring, serial_bayou, serial_bayou_lagoon_a,
          serial_bayou_ford_a, serial_bayou_pond_d, serial_bayou_crossing,
          serial_bayou_shore_a, serial_bayou_pond_e, st_stairs_11, uniq_robin
D:3:      minmay_octagon_keep, layout_loops_corners, basic_ecumenical_altar,
          st_stairs_5
D:4:      layout_loops_cross, serial_shops, nicolae_shop_behind_doors,
          minmay_starry_boxes
D:5:      kennysheep_six_static_rooms, layout_basic
D:6:      layout_gridville, minmay_fractal_squares_diagonal_5
D:7:      layout_basic, minmay_temple_entry_tees,
          hellmonk_ghost_happy_afterlife, minmay_holes, uniq_prince_ribbit1
D:8:      layout_basic, due_lair_maze_entry_diamond,
          gammafunk_ghost_gnarly_gnolls, hangedman_decor_growths, worms_lemuel
D:9:      minmay_imperfect_grid, layout_loops_ring,
          nicolae_kikubaaqudgha_miasma_corner, minivault_12
D:10:     layout_cave_pools
D:11:     layout_loops_corners
D:12:     layout_cave_pools, hiddenorc2_lemuel, minmay_misc_feat_columns,
          uniq_erolcha, uniq_maurice
D:13:     layout_cave_pools, uniq_nessos
D:14:     layout_small_grid, erik_vaults_2, uniq_louise
D:15:     gammafunk_depths_entry_grave, layout_loops_ring,
          nicolae_qazlal_general_emergency, uniq_josephine
Temple:   compressed_dpeg_triangle_lava_temple
Lair:1:   layout_layer_cave, grunt_megastairs_2, uniq_maggie
Lair:2:   nzn_winding_woodlands_medium [nzn_winding_woodlands_hourglass,
          nzn_winding_woodlands_5x15_jagged, nzn_winding_woodlands_5x5_default,
          nzn_winding_woodlands_5x5_three, nzn_winding_woodlands_center_garden,
          nzn_winding_woodlands_5x5_perimeter, nzn_winding_woodlands_5x5_cross,
          nzn_winding_woodlands_5x15_pathside_ponds,
          nzn_winding_woodlands_5x5_checkerboard], layout_hall_layers
Lair:3:   layout_layer_cave, swamp_mist
Lair:4:   layout_misc_corridors, nicolae_spider_entry_tight_spaces,
          gammafunk_ghost_split
Lair:5:   layout_long_grid, slime_altar_2, chequers_serial_rivers_large_b,
          grunt_megastairs_3
Lair:6:   cheibrodos_lair_end_hotspot, layout_loops_ring
Swamp:1:  layout_basic_swamp, serial_swamp_ruin, evilmike_swamp_ruin_house_2,
          evilmike_swamp_ruin_house_5, uniq_jorgrun, uniq_roxanne
Swamp:2:  layout_basic_swamp, hangedman_swamp_ruin_hall, swamp_pool2, uniq_kirke
Swamp:3:  layout_basic_swamp, nicolae_swamp_small_spring
Swamp:4:  swamp_pestilence, layout_basic_swamp, swamp_pool5,
          nicolae_swamp_necromancy_gone_wrong
Spider:1: layout_spider_delve, special_room [special_room_bee],
          hangedman_spider_trapstep
Spider:2: layout_spider_delve
Spider:3: layout_spider_delve, drop_trap
Spider:4: grunt_spider_rune_island, hangedman_spider_tarantella_strand
Orc:1:    layout_diamond_mine, enter_bailey_2, portal_ice_cave_entry_imps
Orc:2:    st_orc_rangers, layout_caves, nicolae_volcano_entry_s_turn,
          chequers_guarded_unrand_ignorance
Elf:1:    elf_arrival_001, layout_loops_corners, minmay_elf_annihilation,
          unseen_surprise_small
Elf:2:    nicolae_elf_blades_splatter_lattice [nicolae_blade_little_rooms],
          layout_geoelf_grid, serial_shops, shop, nicolae_shop_window_shopping,
          nicolae_shop_competitors_out_of_business, shop
Elf:3:    minmay_elf_hall_dome, layout_loops_corners, elf_orc_summit_meeting
Vaults:1: nicolae_vaults_network_s, grunt_vaults_bifocal,
          nicolae_vaults_ring_of_whatevers, v_rooms_6, vaults_room_semicircle,
          vaults_mumra_chevron_long, v_misc_15, v_rooms_2,
          hangedman_vaults_unwind, grunt_vaults_diagonal, v_pattern_3,
          layout_vaults_omnicross
Vaults:2: grunt_vaults_focal, ontoclasm_vaults_twist, v_misc_9, v_misc_24,
          nicolae_vaults_network_square, grunt_vaults_twisty,
          vaults_mumra_chevron, nicolae_vaults_network_star,
          ontoclasm_vaults_shout, nicolae_vaults_yaktaur_gun_rack,
          hangedman_vaults_maws, ontoclasm_vaults_ring_large,
          layout_vaults_omnibox, uniq_margery
Vaults:3: v_misc_16, vaults_room_grid, ontoclasm_vaults_ring_small,
          vaults_room_fours, vaults_room_semicircle,
          nicolae_vaults_little_squares_2, layout_vaults_quadrants,
          uniq_asterion, uniq_saint_roka
Vaults:4: st_hourglassy, hangedman_vaults_locks, v_rooms_3, v_misc_3,
          vaults_dpeg_diagonal, v_pattern_4, v_misc_8,
          grunt_vaults_hallway_long, vaults_standard_mumra_x,
          nicolae_vaults_mini_display_case, hangedman_vaults_stretched_pinwheel,
          ontoclasm_vaults_fault, layout_vaults_ring
Vaults:5
Depths:1: layout_roguey, enter_ziggurat_b, trog_three_pillars_becter,
          lightli_too_deep, rand_demon_pan_entry_3,
          minmay_hollow_rounded_squares, minmay_shop_star
Depths:2: kennysheep_large_vault, layout_cave_pools,
          nicolae_abyss_entry_one_way_or_another, fedhas_altar_4,
          infiniplex_enter_wizlab_spiral, hell_entry, rand_demon_pan_entry_7,
          minmay_misc_feat_diagonals, uniq_mara
Depths:3: vault_1, layout_cave_pools, abyss_entry_crystal, hell_entry,
          grunt_pan_entry_zigzag, minmay_microvault, uniq_xtahua
Depths:4: minmay_the_grid_square_5x5_4x4_mashed
          [minmay_the_grid_square_5x5_corner,
          minmay_the_grid_square_5x5_shuriken,
          minmay_the_grid_square_5x5_beaten_path,
          minmay_the_grid_square_5x5_lines,
          minmay_the_grid_square_5x5_sharp_hourglass,
          minmay_the_grid_square_5x5_prize_junk,
          minmay_the_grid_square_5x5_prize_itemx, minmay_the_grid_square_5x5_c,
          minmay_the_grid_square_5x5_broken_cross,
          minmay_the_grid_square_5x5_prize_snowflake,
          minmay_the_grid_square_5x5_prize_deathbox,
          minmay_the_grid_square_5x5_two_walls_a,
          minmay_the_grid_square_5x5_two, minmay_the_grid_square_5x5_minimal,
          minmay_the_grid_square_5x5_eight_small,
          minmay_the_grid_square_5x5_spiral_small], layout_gridlike,
          abyss_entry, moated_statue, grunt_hell_entry_dis_mu
Depths:5: grunt_twist_and_shout, layout_cave_pools,
          lemuel_coloured_pillars_altar, abyss_entry, pf_coc_iceberg
Zot:1:    kennysheep_room_grid, layout_misc_corridors, st_stairs_4,
          bh_zot_lava_cross, grunt_ministairs_5, lemuel_baited_zot_trap,
          lemuel_lake_of_fire
Zot:2:    layout_concentric_octagons
Zot:3:    layout_gridlike, uniq_tiamat
Zot:4:    layout_basic, skrybe_zot_glass_3
Zot:5:    layout_basic, st_stairs_7

Skill      XL: |  1  2  3  4  5  6  7  8  9 10 11 12 13 14 15 16 17 18 19 20 21 22 23 24 25 |
---------------+----------------------------------------------------------------------------+-----
Unarmed Combat | 3 4 7 8 10 11 16 18 20 22 24 26 | 26.8
Fighting       | 7 9 10 12 14 15 16 17 18 19 20 | 20.4
Dodging        | 9 10 15 17 19 20 21 22 23 24 25 | 25.9
Spellcasting   | 2 5 7 8 9 |  9.0
Stealth        | 9 10 11 12 | 12.5
Air Magic      | 2 3 6 9 11 | 11.0
Poison Magic   | 2 3 5 7 |  7.0
Evocations     | 4 8 |  8.0
Translocations | 6 10 | 10.0
Transmutations | 1 6 8 12 15 17 | 17.0
Earth Magic    | 3 7 |  7.0
Hexes          | 10 13 | 13.0
Fire Magic     | 3 |  3.0

Action                   |  1- 3 |  4- 6 |  7- 9 | 10-12 | 13-15 | 16-18 | 19-21 | 22-24 | 25-27 || total
-------------------------+-------+-------+-------+-------+-------+-------+-------+-------+-------++-------
Melee: Unarmed           |    60 |   103 |   179 |   569 |  1658 |   977 |  1081 |   754 |   129 ||  5510
       Bite              |     6 |     5 |    16 |    48 |   124 |    78 |    65 |    61 |    20 ||   423
       Punch             |     1 |     1 |     6 |    24 |    79 |    62 |    83 |    63 |    13 ||   332
       Tailslap          |       |       |       |       |       |       |       |    41 |    17 ||    58
 Cast: Poisonous Vapours |       |       |     4 |    47 |   118 |       |       |       |       ||   169
       Manifold Assault  |       |       |       |    19 |    44 |     7 |       |       |       ||    70
       Passwall          |       |       |       |     5 |    42 |    19 |    14 |    18 |     5 ||   103
       Blink             |       |       |       |     4 |    16 |    12 |     7 |     1 |       ||    40
       Invisibility      |       |       |       |     1 |    78 |    60 |    46 |    32 |     1 ||   218
       Teleport Other    |       |       |       |       |    11 |    11 |       |       |       ||    22
       Olgreb's Toxic Ra |       |       |       |       |     6 |    30 |       |       |       ||    36
       Ignite Poison     |       |       |       |       |       |     1 |       |       |       ||     1
       Confusing Touch   |       |       |       |       |       |    20 |    15 |       |       ||    35
       Apportation       |       |       |       |       |       |     3 |     1 |     8 |     3 ||    15
       Mephitic Cloud    |       |       |       |       |       |       |    10 |     2 |       ||    12
       Storm Form        |       |       |       |       |       |       |    39 |       |       ||    39
       Statue Form       |       |       |       |       |       |       |     9 |    29 |     3 ||    41
       Dragon Form       |       |       |       |       |       |       |       |    29 |     7 ||    36
Invok: Lunge             |       |       |       |    72 |   293 |   174 |   165 |   101 |    10 ||   815
       Whirlwind         |       |       |       |    53 |   586 |   199 |   233 |   180 |    26 ||  1277
       Serpent's Lash    |       |       |       |    10 |    53 |    62 |    62 |    27 |     4 ||   218
       Heavenly Storm    |       |       |       |       |     2 |       |       |       |     1 ||     3
 Abil: Wall Jump         |       |       |       |    22 |    47 |    46 |    37 |    22 |     1 ||   175
       Blinkbolt         |       |       |       |       |       |       |     4 |       |       ||     4
       End Transformatio |       |       |       |       |       |       |     3 |    17 |     8 ||    28
       Breathe Fire      |       |       |       |       |       |       |       |     1 |       ||     1
Evoke: Wand              |     1 |       |     4 |     5 |    11 |     1 |     2 |       |       ||    24
  Use: Scroll            |     2 |     5 |     7 |    10 |    15 |     5 |     9 |     7 |       ||    60
       Potion            |       |     1 |     1 |     3 |    15 |     7 |     4 |     1 |    10 ||    42
 Stab: Sleeping          |    16 |    10 |    16 |    63 |   162 |   150 |   121 |    50 |       ||   588
       Distracted        |       |     1 |     3 |     4 |    10 |     6 |    11 |     8 |     2 ||    45
       Invisible         |       |       |       |     3 |   294 |   131 |    78 |    78 |     4 ||   588
       Held in net/web   |       |       |       |       |     1 |       |       |       |       ||     1
       Confused          |       |       |       |       |       |    17 |    25 |       |       ||    42
Armor: Skin              |     1 |     1 |     4 |    32 |    61 |    14 |    45 |    98 |    12 ||   268
Dodge: Dodged            |    21 |    64 |   126 |   331 |   965 |   469 |   544 |   482 |    78 ||  3080
